 Dungeon Crawl Stone Soup version 0.29.1-1-gd02db6906a (webtiles) character file.

Game seed: 7278168236508193245

282 Icepheonix32 the Changer (level 6, -2/43 HPs)
             Began as a Merfolk Transmuter on Oct 5, 2022.
             Slain by an iguana (13 damage)
             ... on level 4 of the Dungeon.
             The game lasted 00:03:53 (4110 turns).

Icepheonix32 the Changer (Merfolk Transmuter)       Turns: 4110, Time: 00:03:53

Health: -2/43      AC:  3    Str: 11    XL:     6   Next: 28%
Magic:  9/9        EV: 13    Int: 14    God:
Gold:   60         SH:  0    Dex: 14    Spells: 4/10 levels left

rFire   + . .      SeeInvis .   m - +8 whip of Ragnarok {vorpal, rN+ rCorr}
rCold   . . .      Faith    .   (no shield)
rNeg    + + .      Spirit   .   n - +1 robe {rF+}
rPois   .          Reflect  .   (helmet currently unavailable)
rElec   .          Harm     .   g - scarf {+Inv}
rCorr   +          Rampage  .   (no gloves)
Will    .....                   (boots currently unavailable)
Stlth   ++........              r - amulet of magic regeneration
HPRegen 0.14/turn               q - ring of positive energy
MPRegen 0.51/turn               (no ring)

@: appendages
A: horns 2, (nimble swimmer 2), mertail
a: End Transformation, Evoke Invisibility


You were on level 4 of the Dungeon.
You had temporarily grown beastly horns.
You visited 2 branches of the dungeon, and saw 5 of its levels.

You collected 152 gold pieces.
You spent 92 gold pieces at shops.

Inventory:

Hand Weapons
 m - the +8 whip of Ragnarok (weapon) {vorpal, rN+ rCorr}
   (You found it on level 2 of the Dungeon)

   It inflicts extra damage upon your enemies.
   rN:        It protects you from negative energy.
   rCorr:     It protects you from acid and corrosion.
Armour
 g - a scarf of invisibility (worn)
 j - a +0 pair of boots (melded)
 n - a +1 robe of fire resistance (worn)
Magical Staves
 s - a staff of fire
Jewellery
 q - a ring of positive energy (left hand)
 r - an amulet of magic regeneration (around neck)
 t - a ring of fire
Scrolls
 a - a scroll of amnesia {unknown}
 b - 2 scrolls of butterflies {unknown}
 c - a scroll of teleportation {unknown}
 d - a scroll of immolation {unknown}
 f - 5 scrolls of identify {unknown}
 i - a scroll of summoning {unknown}
 p - a scroll of noise {unknown}
Potions
 e - a potion of mutation {unknown}
 h - a potion of curing {unknown}
 k - a potion of cancellation {unknown}
 l - 2 potions of haste {unknown}
 o - a potion of ambrosia {unknown}


   Skills:
 + Level 1.4 Fighting
 + Level 3.2 Dodging
 + Level 1.9 Stealth
 * Level 4.7 Unarmed Combat
 + Level 2.6 Spellcasting
 * Level 4.8 Transmutations
 * Level 1.3 Poison Magic
 * Level 1.8 Evocations


You had 4 spell levels left.
You knew the following spells:

 Your Spells              Type           Power      Damage    Failure   Level
a - Beastly Appendage     Tmut           30%        N/A       3%          1
b - Wereblood             Tmut           15%        N/A       4%          2
c - Spider Form           Tmut/Pois      10%        N/A       19%         3

Your spell library contained the following spells:

 Spells                   Type           Power      Damage    Failure   Level
 Apportation              Tloc           2%         N/A       22%         1
 Necrotise                Necr           4%         1d4       22%         1
 Summon Small Mammal      Summ           4%         N/A       22%         1
 Ice Form                 Ice/Tmut       8%         N/A       63%         4


Dungeon Overview and Level Annotations

Branches:
Dungeon (4/15)             Temple (1/1) D:4

Altars:
Ashenzari
Cheibriados
Elyvilon
Fedhas
Gozag
Hepliaklqana
Makhleb
Nemelex Xobeh
Okawaru
Qazlal
Ru
Uskayaw
Vehumet
Wu Jian
Xom
Yredelemnul
Zin
The Shining One

Shops:
D:3 [


Innate Abilities, Weirdness & Mutations

You have temporarily grown beastly horns.
((You are very nimble when in or above water. (Stealth+, EV+, Speed+++)))
Your lower body shifts to a powerful aquatic tail in water.


Message History

There is an opulent altar of Gozag here.
There is a staircase back to the Dungeon here.
There is a glowing silver altar of Zin here.
There is a glowing silver altar of Zin here.
There is a staircase back to the Dungeon here.
You climb upwards.
Welcome back to the Dungeon!
There is a staircase to the Ecumenical Temple here.
A hound and 2 iguanas come into view.
The iguana hisses angrily.
The iguana hisses menacingly.
There are monsters nearby!
There are monsters nearby!
You grow a pair of large bovine horns.
Your +0 pair of boots melds into your body.
The hound barks!
You hear a shout!
A kobold comes into view.
It is wielding a +0 short sword and quivering poisoned darts.
A nearby plant withers and dies.
The iguana hisses menacingly.
You closely miss the iguana. The iguana closely misses you.
You hit the iguana.
The iguana is heavily wounded.
The hound pauses to sniff the ground.
The iguana barely misses you. The iguana misses you.
You hit the iguana.
The iguana is severely wounded.
The iguana bites you! x2
You are too injured to fight recklessly!
You are too injured to fight recklessly!
Unknown command.
You are too injured to fight recklessly!
The iguana attacks as you move away!
The iguana bites you but does no damage.
The iguana attacks as you move away! The iguana bites you!
* * * LOW HITPOINT WARNING * * *
The iguana attacks as you move away!
The iguana bites you but does no damage.
The iguana attacks as you move away! The iguana completely misses you.
The iguana hisses menacingly.
The iguana attacks as you move away! The iguana bites you!
You die...

... ...###.# .###
#..###......#
..###..##..[.# #
##..##..#..#..##.#
##...#.....h#...#.#
##.........#.#.#...#
#.........K.###....#
##........#.h.#...#..#
.#.........#..ll@#......
........#####.>.#####....
#..........#.....# ....
##........#...#...# ...
#..##.......###....# ..
#.###......#.# #..##
#.#..........# ..#
....#........# #.#
...............# .#


You could see 2 iguanas, a hound and a kobold.

Vanquished Creatures
  2 scorpions (D:4)
  A jelly (D:4)
  An orc wizard (D:3)
  3 adders
  An ufetubus (D:3)
  3 worms (D:2)
  3 dart slugs
  5 orcs
  3 endoplasms
  2 giant cockroaches (D:1)
  5 goblins
  8 hobgoblins
  4 kobolds
  A quokka (D:1)
  3 ball pythons
  4 bats
  11 frilled lizards
  4 rats
64 creatures vanquished.

Vanquished Creatures (others)
  2 plants (D:4)
2 creatures vanquished.

Grand Total: 66 creatures vanquished

Notes
Turn   | Place    | Note
-------+----------+-------------------------------------------
     0 | D:1      | Icepheonix32 the Merfolk Transmuter began the quest for the
                  | Orb.
     0 | D:1      | Reached XP level 1. HP: 15/15 MP: 3/3
   132 | D:1      | Reached XP level 2. HP: 21/21 MP: 3/5
   654 | D:1      | Found a faded altar of an unknown god.
  1227 | D:1      | Reached XP level 3. HP: 22/26 MP: 4/6
  2188 | D:2      | Reached skill level 1 in Stealth
  2265 | D:2      | Reached XP level 4. HP: 12/32 MP: 7/7
  2679 | D:2      | Identified the +8 whip of Ragnarok {vorpal, rN+ rCorr}
  2771 | D:3      | Found Kuha's Antique Armour Boutique.
  2791 | D:3      | Bought a runed robe for 92 gold pieces
  2877 | D:3      | Reached skill level 1 in Evocations
  3132 | D:3      | Reached XP level 5. HP: 34/37 MP: 6/8
  3147 | D:3      | Learned a level 2 spell: Wereblood
  3151 | D:3      | Learned a level 3 spell: Spider Form
  3588 | D:4      | Reached skill level 1 in Poison Magic
  3695 | D:4      | Reached XP level 6. HP: 29/43 MP: 9/9
  3706 | D:4      | Found a staircase to the Ecumenical Temple.
  3720 | Temple   | Entered the Ecumenical Temple
  4110 | D:4      | Slain by an iguana

Illustrated notes

Levels and vault maps discovered:
D:1:      onia_arrival_handbag, layout_basic,
          shapermc_ecumenical_altar_notcrosses, minmay_distorted
D:2:      minmay_wonky_spiral, layout_loops_ring, minmay_hexomino_p4,
          uniq_natasha
D:3:      layout_rooms, serial_shops, nicolae_shop_stone
D:4:      layout_rooms, minmay_temple_entry_arrows, chequers_big_river
Temple:   eino_narrow_crystal_temple

Skill      XL: |  1  2  3  4  5 |
---------------+----------------+-----
Transmutations | 3 4 |  4.8
Stealth        | 1 |  1.9
Evocations     | 1 |  1.8
Unarmed Combat | 4 |  4.7
Dodging        | 3 |  3.2
Poison Magic   | 1 |  1.3
Fighting       | |  1.4
Spellcasting   | |  2.6

Action                   |  1- 3 |  4- 6 || total
-------------------------+-------+-------++-------
Melee: Unarmed           |   114 |     7 ||   121
       Headbutt          |    13 |     4 ||    17
       Punch             |     2 |       ||     2
       Whip              |       |    46 ||    46
 Cast: Beastly Appendage |    25 |    10 ||    35
  Use: Potion            |     1 |       ||     1
 Stab: Sleeping          |     3 |     3 ||     6
Armor: Robe              |    16 |     9 ||    25
       Skin              |     6 |     1 ||     7
Dodge: Dodged            |    68 |    30 ||    98
